 Dungeon Crawl Stone Soup version 0.25-a0-189-gf71692caf1 (webtiles) character file.

Game seed: 7494795520850577894, levelgen mode: deterministic

1030 floatRand the Blocker (level 8, -6/58 HPs)
             Began as a Formicid Fighter on Nov 29, 2019.
             Was an Initiate of Wu Jian.
             Killed from afar by Dowan (16 damage)
             ... with a shard of ice
             ... on level 5 of the Dungeon.
             The game lasted 00:08:21 (5603 turns).

floatRand the Blocker (Formicid Fighter)            Turns: 5603, Time: 00:08:21

Health: -6/58      AC:  6    Str: 26    XL:     8   Next: 47%
Magic:  8/8        EV: 11    Int:  9    God:    Wu Jian [......]
Gold:   213        SH: 11    Dex: 11    Spells: 7/7 levels left

rFire    . . .     SeeInvis +   q - +4 hand axe
rCold    . . .     Gourm    .   c - +0 shield
rNeg     . . .     Faith    .   o - +0 leather armour {rPois}
rPois    +         Spirit   .   (helmet unavailable)
rElec    .         Reflect  .   i - +0 cloak
rCorr    .         Harm     .   l - +1 pair of gloves
MR       .....                  (no boots)
Stlth    ++........             (no amulet)
HPRegen  0.19/turn              (no ring)
MPRegen  0.11/turn              (no ring)

@: mighty
A: permanent stasis, dig shafts and tunnels, four strong arms, antennae 3
a: Dig, Shaft Self, Renounce Religion


You were on level 5 of the Dungeon.
You worshipped Wu Jian.
Wu Jian was noncommittal.
You were not hungry.

You visited 2 branches of the dungeon, and saw 6 of its levels.
You also visited: Sewer.

You collected 213 gold pieces.

Inventory:

Hand Weapons
 a - a +0 war axe
 q - a +4 hand axe (weapon)
Armour
 c - a +0 shield (worn)
 i - a +0 cloak (worn)
 l - a +1 pair of gloves (worn)
 o - a +0 leather armour of poison resistance (worn)
Wands
 m - a wand of digging (3)
 n - a wand of acid (10)
Scrolls
 e - 2 scrolls of fear
 g - a scroll of enchant weapon
 k - a scroll of identify {unknown}
Potions
 d - 3 potions of might
 h - 4 potions of curing {unknown}
 j - 2 potions of mutation {unknown}
 r - a potion of degeneration {unknown}
 s - 2 potions of lignification {unknown}
 t - a potion of invisibility {unknown}
 u - 2 potions of brilliance {unknown}
 v - a potion of resistance {unknown}
 w - a potion of heal wounds {unknown}
Comestibles
 b - a chunk of flesh
 f - 6 rations


   Skills:
 - Level 3.3 Fighting
 + Level 6.5 Axes
 - Level 3.4 Armour
 - Level 0.2 Dodging
 + Level 3.3 Stealth
 + Level 8.2 Shields


You had 7 spell levels left.
You didn't know any spells.
Your spell library contained the following spells:

 Spells                   Type           Power        Failure   Level  Hunger
 Freeze                   Ice            #...         47%         1    ##.....
 Throw Frost              Conj/Ice       #.....       63%         2    ###....
 Ozocubu's Armour         Chrm/Ice       #.......     85%         3    ####...
 Summon Ice Beast         Ice/Summ       #.......     99%         4    #####..
 Throw Icicle             Conj/Ice       #.......     99%         4    #####..


Dungeon Overview and Level Annotations

Branches:
Dungeon (5/15)             Temple (1/1) D:4           Sewer (visited)

Altars:
Ashenzari
Cheibriados
Dithmenos
Elyvilon
Fedhas
Gozag
Hepliaklqana
Kikubaaqudgha
Qazlal
Ru
Sif Muna
Trog
Uskayaw
Vehumet
Wu Jian
Xom
Yredelemnul
Zin

Annotations:
D:2 1 runed translucent door, Crazy Yiuf
D:5 Dowan


Innate Abilities, Weirdness & Mutations

You cannot be hasted, slowed, berserked, paralysed or teleported.
You can dig through walls and to a lower floor.
Your four strong arms can wield two-handed weapons with a shield.
You have a pair of large antennae on your head. (SInv)


Message History

Dowan is almost dead.
You block Dowan's attack.
Dowan says, "Magic will overcome all!"
Dowan closely misses you.
You closely miss Dowan.
Dowan is almost dead.
Dowan hits you but does no damage.
You completely miss Dowan.
Dowan is almost dead.
Dowan hits you with a +0 dagger.
* * * LOW HITPOINT WARNING * * *
Dowan hits you with a +0 dagger.
* * * LOW HITPOINT WARNING * * *
Unknown command.
You barely miss Dowan.
Dowan is almost dead.
Dowan breathes, "And she was my only..."
Dowan points at you and mumbles some strange words.
The shard of ice hits you!
You die...

#.# #### #.# ..># ##.##
[#.# #...# .#.# #<..#
...# #...# ##.#
#####...#####
##.#####...........###.#
.....)..........@.....#
...#####.........e.#)##
.### ####.....#####.# .#
########.....## #.# .#
#.....#.......# ... .#
#.....#.......# #.% .#
#..........#..# ##. .#
#.....#.......## ##
#[)...#.#####..####


You could see Dowan.

Vanquished Creatures
  Duvessa (D:5)
  An ice beast (D:4)
  An ogre (D:4)
  A centaur (D:5)
  2 crimson imps (D:5)
  A bullfrog zombie (D:5)
  A quasit (D:5)
  3 hounds
  Ijyb (D:5)
  Jessica (D:2)
  2 iguanas (D:4)
  2 worker ants (D:4)
  Robin (D:3)
  A howler monkey skeleton (D:5)
  4 adders
  6 river rats
  A shadow imp (D:4)
  2 oozes
  An adder skeleton (D:4)
  3 worms
  2 dart slugs (D:1)
  A leopard gecko (D:1)
  12 orcs
  10 giant cockroaches
  16 goblins (D:3)
  9 hobgoblins
  17 jackals
  A quokka (D:2)
  9 ball pythons
  6 bats
  12 frilled lizards
  7 kobolds
  18 rats
156 creatures vanquished.

Notes
Turn   | Place    | Note
-------+----------+-------------------------------------------
     0 | D:1      | floatRand the Formicid Fighter began the quest for the Orb.
     0 | D:1      | Reached XP level 1. HP: 18/18 MP: 1/1
   155 | D:1      | Reached XP level 2. HP: 22/24 MP: 2/2
   239 | D:1      | Reached XP level 3. HP: 28/29 MP: 3/3
   242 | D:1      | Reached skill level 4 in Shields
  1061 | D:2      | Reached XP level 4. HP: 34/35 MP: 4/4
  1172 | D:2      | You fall into a shaft and drop 1 floor!
  1404 | D:2      | Found a runed translucent door.
  1405 | D:2      | Noticed Crazy Yiuf
  1445 | D:2      | Noticed Jessica
  1450 | D:2      | Killed Jessica
  1497 | D:2      | Reached XP level 5. HP: 36/41 MP: 5/5
  1613 | D:2      | Found an ancient bone altar of Kikubaaqudgha.
  1690 | D:2      | Reached skill level 5 in Shields
  1906 | D:3      | Noticed Robin
  1936 | D:3      | Killed Robin
  2847 | D:4      | Found a glowing drain.
  2873 | D:4      | Reached XP level 6. HP: 47/47 MP: 6/6
  3115 | Sewer    | Entered a sewer
  3180 | Sewer    | Reached skill level 6 in Shields
  3562 | D:4      | Noticed an ogre
  3588 | D:4      | Killed an ogre
  3588 | D:4      | Reached skill level 5 in Axes
  3906 | D:4      | Found a staircase to the Ecumenical Temple.
  3915 | Temple   | Entered the Ecumenical Temple
  3924 | Temple   | Reached XP level 7. HP: 48/52 MP: 7/7
  3960 | Temple   | Became a worshipper of the Wu Jian Council
  4177 | D:4      | Reached skill level 7 in Shields
  4731 | D:4      | Found a shattered altar of Ashenzari.
  5117 | D:5      | Entered Level 5 of the Dungeon
  5117 | D:5      | Noticed Ijyb
  5215 | D:5      | Reached skill level 1 in Stealth
  5215 | D:5      | Reached XP level 8. HP: 52/58 MP: 8/8
  5403 | D:5      | Killed Ijyb
  5515 | D:5      | Reached skill level 8 in Shields
  5566 | D:5      | Noticed Duvessa
  5576 | D:5      | Noticed Dowan
  5579 | D:5      | Killed Duvessa
  5603 | D:5      | Killed from afar by Dowan

Levels and vault maps discovered:
D:1:      wander_arrival_chamber, layout_basic, minmay_hedge_maze,
          minmay_pentomino_u2
D:2:      layout_loops_ring, lemuel_doored_altar, first_ration, chequers_jeans,
          uniq_crazy_yiuf_cottage, uniq_jessica
D:3:      kennysheep_the_goblin_king, layout_loops_corners,
          hangedman_decor_clover_reticule, moated_statue, uniq_robin
D:4:      layout_basic, minmay_temple_entry_waves, portal_sewer_entry_c,
          ashenzari_altar_1
D:5:      layout_loops_cross, roderic_serpentine_path, uniq_duvessa, uniq_ijyb
Temple:   compressed_dpeg_triangle_lava_temple

Skill      XL: |  1  2  3  4  5  6  7  8 |
---------------+-------------------------+-----
Shields        | 4 5 6 7 8 |  8.2
Axes           | 3 4 5 6 |  6.5
Stealth        | 1 3 |  3.3
Fighting       | |  3.3
Armour         | |  3.4
Dodging        | |  0.2

Action                   |  1- 3 |  4- 6 |  7- 9 || total
-------------------------+-------+-------+-------++-------
Melee: War axe           |    92 |    99 |       ||   191
       Hand axe          |       |   227 |   174 ||   401
Invok: Lunge             |       |       |     8 ||     8
  Use: Scroll            |       |     6 |     4 ||    10
       Potion            |       |       |     2 ||     2
  Eat: Chunk             |       |    10 |     3 ||    13
       Ration            |       |       |     1 ||     1
Armor: Scale mail        |    29 |   130 |    33 ||   192
       Leather armour    |       |       |     9 ||     9
Dodge: Dodged            |    35 |    84 |    46 ||   165
Block: Shield            |    35 |   176 |    81 ||   292

Table legend:
 A = Non-vault XP
 B = Vault XP
 C = Vault XP percentage of total XP
 D = Non-vault monster count
 E = Vault monster count
 F = Vault count percentage of total count
                 A         B        C        D         E       F
            +---------+---------+-------+---------+---------+-------
      Total |    1082 |     390 |  26.5 |     101 |      55 |  35.3
            +---------+---------+-------+---------+---------+-------
        D:1 |      46 |       5 |   9.8 |      25 |       2 |   7.4
        D:2 |      49 |      37 |  43.0 |      14 |       1 |   6.7
        D:3 |      70 |      52 |  42.6 |      24 |      20 |  45.5
        D:4 |     533 |      37 |   6.5 |      24 |       7 |  22.6
        D:5 |     344 |     183 |  34.7 |      13 |       2 |  13.3
     Temple |      40 |       0 |   0.0 |       1 |       0 |   0.0
      Sewer |       0 |      76 | 100.0 |       0 |      23 | 100.0
            +---------+---------+-------+---------+---------+-------
